 Dungeon Crawl Stone Soup version 0.30-a0-177-g1cb5dbfd7a (webtiles) character file.

Game seed: 7482147148664028703

1614 ytrimaz the Transmogrifier (level 8, -3/68 HPs)
             Began as a Troll Transmuter on Oct 3, 2022.
             Slain by a two-headed ogre
             ... wielding a +0 giant spiked club
              (12 damage)
             ... on level 5 of the Dungeon.
             The game lasted 00:07:16 (3858 turns).

ytrimaz the Transmogrifier (Troll Transmuter)       Turns: 3858, Time: 00:07:16

Health: -3/68      AC:  5    Str: 17    XL:     8   Next: 64%
Magic:  7/8        EV: 10    Int: 11    God:
Gold:   210        SH:  0    Dex: 20    Spells: 6/9 levels left

rFire   . . .      SeeInvis .      - Unarmed
rCold   + . .      Faith    .    (no shield)
rNeg    . . .      Spirit   .    a - +0 robe
rPois   +          Reflect  .    (helmet currently unavailable)
rElec   .          Harm     .    r - +0 cloak
rCorr   .          Rampage  .    (gloves unavailable)
Will    .....                    (boots unavailable)
Stlth   ++........               (no amulet)
HPRegen 1.11/turn                p - ring of the Insatiable Xenops {+Blink rPois rC+ Str-2 Dex+10}
MPRegen 0.11/turn                (no ring)

@: mighty, appendages (expiring)
A: horns 2, talons 2, large, unfitting armour, claws 3, regeneration 1, shaggy
fur 1, tough skin 1
a: End Transformation, Evoke Blink


You were on level 5 of the Dungeon.
You had temporarily grown beastly horns and talons.
You visited 1 branch of the dungeon, and saw 5 of its levels.
You also visited: Sewer.

You collected 210 gold pieces.


Innate Abilities, Weirdness & Mutations

You have temporarily grown beastly horns and talons.
You are too large for most types of armour.
You have claws for hands.
Your natural rate of healing is unusually fast.
You are covered in fur. (AC +1)
You have tough skin. (AC +1)


   Skills:
 - Level 0.7 Fighting
 - Level 1.5 Dodging
 - Level 4.1 Unarmed Combat
 - Level 1.2 Spellcasting
 + Level 8.2 Transmutations


You had 6 spell levels left.
You knew the following spells:

 Your Spells              Type           Power      Damage    Failure   Level
a - Beastly Appendage     Tmut           36%        N/A       1%          1
b - Wereblood             Tmut           18%        N/A       1%          2

Your spell library contained the following spells:

 Spells                   Type           Power      Damage    Failure   Level
 Spider Form              Tmut/Pois      9%         N/A       17%         3
 Apportation              Tloc           0%         N/A       32%         1
 Freeze                   Ice            0%         1d3       32%         1
 Ice Form                 Ice/Tmut       9%         N/A       50%         4
 Frozen Ramparts          Ice            0%         1d1       67%         3
 Hailstorm                Conj/Ice       0%         3d3       67%         3
 Ozocubu's Armour         Ice            0%         N/A       67%         3
 Alistair's Intoxication  Tmut/Pois      6%         N/A       85%         5
 Metabolic Englaciation   Hex/Ice        0%         N/A       100%        5
 Simulacrum               Ice/Necr       0%         N/A       100%        6

Inventory:

Armour
 a - a +0 robe (worn)
 r - a +0 cloak (worn)
   (You found it on level 4 of the Dungeon)
Jewellery
 b - an amulet of guardian spirit
   (You found it on level 4 of the Dungeon)
 p - the ring of the Insatiable Xenops (left claw) {+Blink rPois rC+ Str-2 Dex+10}
   (You found it on level 4 of the Dungeon)

   [ring of protection from cold]

   Str:       It affects your strength (-2).
   Dex:       It affects your dexterity (+10).
   rC:        It protects you from cold.
   rPois:     It protects you from poison.
   +Blink:    It lets you blink.
 q - an amulet of faith
   (You found it on level 4 of the Dungeon)
Wands
 n - a wand of iceblast (3)
   (You took it off Ijyb on level 4 of the Dungeon)
Scrolls
 h - a scroll of fog
 j - a scroll of teleportation
 l - a scroll of enchant armour
Potions
 c - a potion of brilliance
 e - a potion of might
 g - 3 potions of attraction
 i - 4 potions of flight
 m - a potion of ambrosia {unknown}
 s - 2 potions of degeneration {unknown}

Dungeon Overview and Level Annotations

Branches:
Dungeon (5/15) Zot: 26120   Sewer (visited)
 Temple: D:4-7

Altars:
Gozag
Kikubaaqudgha
Nemelex Xobeh
Ru
Sif Muna
Yredelemnul
The Shining One

Shops:
D:5

?[:*[ #.# #.##
######.## #.#
#..###.......###
#.####......####....##
#.#.........# #..#..#
....#.....### #####.#
#.#.......#▓▓▓▓▓▓▓#..#
.....#....#▓⌠...⌠▓#.##
..#.#######▓.....▓###
###.# ▓©...@▓ ..#.#
▓...hO▓ ....###
▓⌠...⌠▓ >.>...#
#▓▓▓▓▓▓▓
#.###<#####.....§# ..#
#.#...'...._©# ###
#.#.###.....§# #...#
#▓▓▓▓▓▓▓ ##### ▓⌠...⌠▓


You could see a two-headed ogre and a howler monkey.


Message History

An ogre is nearby!
You grow a pair of large bovine horns.
Your feet morph into talons.
The ogre shouts! 😎 MP[-1]
You lost 1 mp, and now have 7/8 mp.
You scratch the ogre. You claw the ogre. The ogre misses you.
You scratch the ogre. You claw the ogre.
You headbutt the ogre, but do no damage.
The ogre hits you with a +0 giant club!! 😮 HP[-22]
You take 22 damage, and now have 46/68 hp.
MASSIVE DAMAGE!! (PAUSE)
You claw the ogre! You claw the ogre.
You kill the ogre! 😮 HP[+1]
You see here a +0 giant club. 😮 HP[+1] Unknown command.
Okay, then.
Your transformation is almost over.
Key pressed, stopping explore.
Your horns disappear.
Your talons disappear.
You now have 210 gold pieces (gained 13).
Key pressed, stopping explore.
You see here a +0 mace.
You see here a +0 hand axe.
Key pressed, stopping explore.
Key pressed, stopping explore.
Found a stone staircase leading down. 😎 HP[+20] MP[+1]
Your hp is fully restored (68).
Your mp is fully restored (8).
Found Zipoepre's Armour Emporium.
You see here the +2 ratskin cloak {*Rats rPois rN+ Str-1 Int-1 Dex+1}.
Okay, then.
There is a stone staircase leading up here.
You open the door.
Nemelex Xobeh says, "Through this portal lies a prize... or peril!" "Beware!
This is a limited time offer!"
Found acid dragon scales, a stone and 11 gold pieces.
Found a sparkling altar of Nemelex Xobeh.
Unknown command.
There is an open door here.
Unknown command.
There is a sparkling altar of Nemelex Xobeh here.
There is a transporter here.
There is a sparkling altar of Nemelex Xobeh here.
There is a sparkling altar of Nemelex Xobeh here.
There is a transporter here.
Nemelex Xobeh says, "You lose!"
A transporter appears.
You enter the transporter and appear at another place.
Unknown command.
You scratch the two-headed ogre. You claw the two-headed ogre!
The howler monkey hits you. The two-headed ogre barely misses you.
The two-headed ogre hits you with a +0 giant club! 😕 HP[-13]
You take 13 damage, and now have 55/68 hp.
Unknown command.
You grow a pair of large bovine horns.
Your feet morph into talons.
The howler monkey hits you. 😕 MP[-1]
You lost 1 mp, and now have 7/8 mp.
You barely miss the two-headed ogre. The howler monkey barely misses you.
The two-headed ogre hits you with a +0 giant spiked club!!
Ouch! That really hurt!
* * * LOW HITPOINT WARNING * * *
The two-headed ogre closely misses you. 😨 HP[-33]
You take 33 damage, and now have 22/68 hp.
MASSIVE DAMAGE!! (PAUSE)
You feel better.
Your transformation is almost over.
The howler monkey hoots and howls with incredible vigour!
The two-headed ogre barely misses you.
The two-headed ogre hits you with a +0 giant club!!
* * * LOW HITPOINT WARNING * * *
The howler monkey hits you.
* * * LOW HITPOINT WARNING * * *
😱 HP[-14]
You take 14 damage, and now have 8/68 hp.
MASSIVE DAMAGE!! (PAUSE)
You feel better.
The howler monkey barely misses you. 😨 HP[+12]
You regained 12 hp, and now have 20/68 hp.
Unknown command.
You feel better.
The two-headed ogre hits you with a +0 giant spiked club!
* * * LOW HITPOINT WARNING * * *
The two-headed ogre hits you with a +0 giant club!
* * * LOW HITPOINT WARNING * * *
The howler monkey closely misses you. 😱 HP[-12]
You take 12 damage, and now have 8/68 hp.
Unknown command.
Okay, then.
Okay, then.
You feel very mighty all of a sudden. The howler monkey closely misses you.
The two-headed ogre barely misses you.
The two-headed ogre hits you with a +0 giant club!
You die...

Skill      XL: |  1  2  3  4  5  6  7  8 |
---------------+-------------------------+-----
Unarmed Combat | 4 |  4.1
Transmutations | 2 3 4 5 7 8 |  8.2
Fighting       | |  0.7
Dodging        | |  1.5
Spellcasting   | |  1.2

Action                   |  1- 3 |  4- 6 |  7- 9 || total
-------------------------+-------+-------+-------++-------
Melee: Unarmed           |   102 |   158 |   140 ||   400
       Kick              |     3 |    17 |    26 ||    46
       Punch             |     1 |     3 |     5 ||     9
       Headbutt          |       |     6 |    25 ||    31
 Cast: Beastly Appendage |    13 |    12 |    15 ||    40
       Wereblood         |       |     2 |     1 ||     3
  Use: Scroll            |     1 |     7 |     5 ||    13
       Potion            |       |     1 |     8 ||     9
Armor: Robe              |    54 |    46 |    26 ||   126
       Skin              |       |    29 |    34 ||    63
Dodge: Dodged            |    56 |    78 |    55 ||   189

Levels and vault maps discovered:
D:1:      sevenhm_arrival_forest_fort_small_3, layout_loops_cross,
          ebering_ecumenical_altar_mist
D:2:      layout_basic, minmay_misc_feat_five, uniq_robin
D:3:      layout_loops_ring, nicolae_tso_besieged_by_evil,
          lemuel_zombie_altar_yredelemnul, tgw_kikubaaqudgha,
          portal_sewer_entry_f, uniq_natasha
D:4:      wander_river, layout_rooms, mainiacjoe_overflow_paths,
          mainiacjoe_overflow_concentric_impassable, uniq_grinder, uniq_ijyb
D:5:      layout_loops_cross, mainiacjoe_overflow_alcove_1,
          grunt_nemelex_the_gamble, serial_shops, shop, shop,
          nicolae_lakefront_shop, nicolae_shop_crystal, nicolae_take_the_stairs,
          minmay_a_box_with_orc_wizards_in_it, uniq_edmund

Notes
Turn   | Place    | Note
-------+----------+-------------------------------------------
     0 | D:1      | ytrimaz the Troll Transmuter began the quest for the Orb.
     0 | D:1      | Reached XP level 1. HP: 18/18 MP: 1/1
     0 | D:1      | magus.rc [v1.9.6]
   122 | D:1      | Found a faded altar of an unknown god.
   276 | D:1      | Reached XP level 2. HP: 26/26 MP: 2/2
   625 | D:2      | Reached skill level 4 in Unarmed Combat
   706 | D:2      | Reached XP level 3. HP: 32/32 MP: 0/3
   707 | D:2      | Noticed Robin
   733 | D:2      | Killed Robin
   734 | D:2      | Reached skill level 2 in Transmutations
   783 | D:2      | You pick up a book of Winter and begin reading...
   783 | D:2      | You add the spells Ozocubu's Armour, Metabolic Englaciation
                  | and Simulacrum to your library.
   988 | D:2      | Reached XP level 4. HP: 40/40 MP: 2/4
  1346 | D:3      | Found a glowing drain.
  1369 | Sewer    | Entered a sewer
  1421 | Sewer    | Noticed a kobold brigand
  1424 | Sewer    | Noticed a kobold brigand
  1429 | Sewer    | Killed a kobold brigand
  1430 | Sewer    | Reached skill level 3 in Transmutations
  1430 | Sewer    | Reached XP level 5. HP: 27/46 MP: 5/5
  1436 | Sewer    | Reached skill level 4 in Transmutations
  1441 | Sewer    | HP: 11/46 [kobold/+0 club (3)]
  1482 | Sewer    | Found a white marble altar of Elyvilon.
  1624 | D:3      | Learned a level 2 spell: Wereblood
  1671 | D:3      | Found a glowing golden altar of the Shining One.
  1692 | D:3      | Noticed Natasha
  1699 | D:3      | Killed Natasha
  1700 | D:3      | Reached XP level 6. HP: 34/54 MP: 6/6
  1967 | D:3      | Reached skill level 5 in Transmutations
  1992 | D:3      | Found a basalt altar of Yredelemnul.
  2284 | D:3      | Found an ancient bone altar of Kikubaaqudgha.
  2285 | D:3      | Noticed a human
  2288 | D:3      | Killed a human
  2320 | D:4      | You pick up a book of Frost and begin reading...
  2320 | D:4      | You add the spells Freeze, Frozen Ramparts and Hailstorm to
                  | your library.
  2379 | D:4      | Reached XP level 7. HP: 52/61 MP: 5/7
  2403 | D:4      | Reached skill level 6 in Transmutations
  2506 | D:4      | Found a sacrificial altar of Ru.
  2528 | D:4      | Noticed Ijyb
  2542 | D:4      | Noticed Grinder
  2548 | D:4      | Killed Ijyb
  2573 | D:4      | Killed Grinder
  2664 | D:4      | Identified the +1 leather armour "Zaolijutt" {-Cast rElec
                  | rN+ Dex+9}
  2670 | D:4      | Identified the ring of the Insatiable Xenops {+Blink rPois
                  | rC+ Str-2 Dex+10}
  2757 | D:4      | Found an opulent altar of Gozag.
  2973 | D:5      | Entered Level 5 of the Dungeon
  3014 | D:5      | Found Jiwul's Book Boutique.
  3029 | D:5      | Reached skill level 7 in Transmutations
  3029 | D:5      | Reached XP level 8. HP: 68/68 MP: 8/8
  3045 | D:5      | Noticed Edmund
  3062 | D:5      | HP: 9/68 [Edmund/+2 flail of protection (10)]
  3066 | D:5      | HP: 1/68 [Edmund/+2 flail of protection (4)]
  3070 | D:5      | Killed Edmund
  3180 | D:5      | You pick up a book of Party Tricks and begin reading...
  3180 | D:5      | You add the spells Apportation and Alistair's Intoxication
                  | to your library.
  3217 | D:5      | Found Woawkit's Armour Emporium.
  3263 | D:5      | Found a shimmering blue altar of Sif Muna.
  3361 | D:5      | HP: 12/68 [cloud of flame (21)]
  3413 | D:5      | Reached skill level 8 in Transmutations
  3413 | D:5      | Found Joownoor's Magic Scroll Emporium.
  3545 | D:5      | Found Pufat's General Store.
  3752 | D:5      | Found Zipoepre's Armour Emporium.
  3764 | D:5      | Found the +2 ratskin cloak {*Rats rPois rN+ Str-1 Int-1
                  | Dex+1}
  3835 | D:5      | Found a sparkling altar of Nemelex Xobeh.
  3835 | D:5      | Found a transporter.
  3835 | D:5      | Noticed a two-headed ogre
  3855 | D:5      | HP: 13/68 [two-headed ogre/+0 giant spiked club (21)]
  3858 | D:5      | Slain by a two-headed ogre

Vanquished Creatures
  Grinder (D:4)
  Edmund (D:5)
  A black bear (D:4)
  An ogre (D:5)
  2 phantoms
  2 kobold brigands (Sewer)
  2 scorpions (D:5)
  A necrophage (D:5)
  A howler monkey (D:4)
  A crimson imp (D:3)
  2 hounds
  An orc priest (D:5)
  2 iguanas
  Ijyb (D:4)
  Natasha (D:3)
  8 orc wizards
  A scorpion zombie (D:3)
  Robin (D:2)
  3 river rats (Sewer)
  3 adders
  2 dart slugs
  13 orcs
  6 ball pythons
  10 bats
  3 endoplasms
  9 giant cockroaches
  18 goblins
  10 hobgoblins
  3 jackals (Sewer)
  2 quokkas (D:3)
  3 frilled lizards
  2 goblin skeletons (D:3)
  A goblin zombie (D:3)
  A hobgoblin zombie (D:3)
  8 kobolds
  2 kobold skeletons (D:3)
  2 kobold zombies (D:3)
  An orc skeleton (D:3)
  An orc zombie (D:3)
  A quokka zombie (D:3)
  4 rats
138 creatures vanquished.

Vanquished Creatures (others)
  A human (D:3)
1 creature vanquished.

Grand Total: 139 creatures vanquished

Table legend:
 A = Non-vault XP
 B = Vault XP
 C = Vault XP percentage of total XP
 D = Non-vault monster count
 E = Vault monster count
 F = Vault count percentage of total count
                 A         B        C        D         E       F
            +---------+---------+-------+---------+---------+-------
      Total |    1313 |     993 |  43.1 |      86 |      52 |  37.7
            +---------+---------+-------+---------+---------+-------
        D:1 |      21 |       0 |   0.0 |      10 |       0 |   0.0
        D:2 |      45 |      37 |  45.1 |      23 |      12 |  34.3
        D:3 |     155 |     142 |  47.8 |      16 |      20 |  55.6
        D:4 |     447 |     294 |  39.7 |      23 |       2 |   8.0
        D:5 |     645 |     274 |  29.8 |      14 |       4 |  22.2
      Sewer |       0 |     246 | 100.0 |       0 |      14 | 100.0
            +---------+---------+-------+---------+---------+-------

Illustrated notes

Table legend:
 A = Kills in this place as a percentage of kills in entire the game.
 B = Kills by you in this place as a percentage of kills by you in the entire game.
 C = Kills by friends in this place as a percentage of kills by friends in the entire game.
 D = Other kills in this place as a percentage of other kills in the entire game.
 E = Experience gained in this place as a percentage of experience gained in the entire game.
 F = Experience gained in this place divided by the number of levels of this place that you have seen.
                   A       B       C       D       E      F
               +-------+-------+-------+-------+-------+----------------------
         Total | 100.0 | 100.0 |   N/A |   N/A | 100.0 | 384.3
       Dungeon |  89.9 |  89.9 |   N/A |   N/A |  89.3 | 412.0
         Sewer |  10.1 |  10.1 |   N/A |   N/A |  10.7 | 246.0
               +-------+-------+-------+-------+-------+----------------------

Table legend: (Time is in decaauts)
 A = Elapsed time spent in this place.
 B = Non-inter-level travel time spent in this place.
 C = Inter-level travel time spent in this place.
 D = Time resting spent in this place.
 E = Time spent auto-exploring this place.
 F = Levels seen in this place.
 G = Mean time per level.
                   A        B        C        D        E       F      G
               +--------+--------+--------+--------+--------+-----+--------+
         Total |   3895 |   3764 |    131 |     16 |   2765 |   6 |  649.2 |
       Dungeon |   3649 |   3518 |    131 |     16 |   2623 |   5 |  729.8 |
         Sewer |    246 |    246 |      0 |      0 |    141 |   1 |  246.0 |
               +--------+--------+--------+--------+--------+-----+--------+

Top non-repeatable levels by time:
     D:5: 878 daAuts
     D:3: 814 daAuts
     D:4: 676 daAuts
     D:2: 669 daAuts
     D:1: 610 daAuts
   Sewer: 246 daAuts
